 Dungeon Crawl Stone Soup version 0.28.0 (webtiles) character file.

Game seed: 3737090024185463165

851 inmateoo the Ruffian (level 7, -1/108 HPs)
             Began as a Troll Monk on Feb 10, 2022.
             Succumbed to an orc's poison
             ... on level 4 of the Dungeon.
             The game lasted 00:02:59 (3178 turns).

inmateoo the Ruffian (Troll Monk)                   Turns: 3178, Time: 00:02:59

Health: -1/108     AC: 23    Str: 22    XL:     7   Next: 69%
Magic:  6/6        EV:  1    Int:  6    God:
Gold:   15         SH:  7    Dex: 12    Spells: 6/6 levels left

rFire   . . .      SeeInvis +     - Unarmed
rCold   . . .      Faith    .   q - +0 kite shield
rNeg    . . .      Spirit   .   (armour currently unavailable)
rPois   +          Reflect  .   (helmet currently unavailable)
rElec   .          Harm     .   (cloak currently unavailable)
rCorr   .          Rampage  .   (gloves unavailable)
Will    .....      NoTele   +   (boots unavailable)
Stlth   ++........              (no amulet)
HPRegen 1.08/turn               f - ring of see invisible
MPRegen 0.10/turn               (no ring)

@: lethally poisoned (-1 -> -20), tree-form, hasted, very quick
A: stationary, stasis, torment immunity, boosted hp, large, unfitting armour,
(claws 3), regeneration 1, (shaggy fur 1), (tough skin 1)
a: no special abilities


You were on level 4 of the Dungeon.
You were a tree.
You visited 1 branch of the dungeon, and saw 4 of its levels.

You collected 281 gold pieces.
You spent 266 gold pieces at shops.

Inventory:

Armour
 a - a +1 robe (melded)
 l - a +0 cloak (melded)
 p - a +1 hat of see invisible (melded)
 q - a +0 kite shield (worn)
Jewellery
 f - a ring of see invisible (left branch)
Wands
 c - a wand of mindburst (17)
 j - a wand of paralysis (8)
Scrolls
 b - a scroll of noise {unknown}
 h - a scroll of blinking
 m - a scroll of teleportation {unknown}
 n - 2 scrolls of identify
Potions
 g - a potion of might {unknown}
 i - a potion of berserk rage {unknown}
 k - a potion of mutation {unknown}
 o - a potion of magic {unknown}


   Skills:
 + Level 5.0 Fighting
 + Level 4.2 Dodging
 - Level 1.0 Stealth
 + Level 1.0 Shields
 + Level 6.1 Unarmed Combat


You had 6 spell levels left.
You didn't know any spells.
Your spell library contained the following spells:

 Spells                   Type           Power      Damage    Failure   Level
 Foxfire                  Conj/Fire      0%         2x1d4     78%         1
 Ensorcelled Hibernation  Hex/Ice        0%         N/A       89%         2
 Conjure Flame            Conj/Fire      0%         6-21      98%         3
 Dazzling Flash           Conj/Hex       0%         N/A       98%         3
 Inner Flame              Hex/Fire       0%         N/A       98%         3
 Spider Form              Tmut/Pois      0%         N/A       98%         3
 Anguish                  Hex/Necr       0%         N/A       100%        4
 Flame Wave               Conj/Fire      0%         2d4       100%        4
 Agony                    Necr           0%         N/A       100%        5
 Silence                  Hex/Air        0%         N/A       100%        5


Dungeon Overview and Level Annotations

Branches:
Dungeon (4/15)
 Temple: D:4-7

Altars:
Makhleb
Yredelemnul
Beogh

Shops:
D:3 (   D:4 [(

Annotations:
D:3 2 transporters, p0werm0de's ghost, amateur MiFi


Innate Abilities, Weirdness & Mutations

You are a tree.
Your roots penetrate the ground, keeping you stationary.
You cannot be teleported.
You are immune to unholy pain and torment.
Your maximum health is greatly increased.
Your equipment is partially melded.
You are too large for most types of armour.
((You have claws for hands.))
Your natural rate of healing is unusually fast.
((You are covered in fur. (AC +1)))
((You have tough skin. (AC +1)))


Message History

The orc priest is severely wounded.
You feel sick. The adder closely misses you. The orc priest barely misses you.
You claw the orc priest!
You kill the orc priest!
You feel sick. The adder closely misses you.
Your Shields skill increases to level 1!
You closely miss the adder.
You feel sick. The adder bites you but does no damage.
The orc hits you but does no damage.
You are more poisoned.
You block the adder's attack.
You barely miss the orc.
You feel very sick. The adder bites you but does no damage.
The orc closely misses you.
You scratch the orc.
The orc is heavily wounded.
You feel sick. The adder bites you.
* * * LOW HITPOINT WARNING * * *
You are more poisoned.
The adder poisons you! You block the orc's attack.
You barely miss the orc.
The orc is heavily wounded.
You feel very sick. The adder bites you but does no damage.
The orc hits you with a +2 whip of venom.
* * * LOW HITPOINT WARNING * * *
You are lethally poisoned!
The adder bites you.
* * * LOW HITPOINT WARNING * * *
You are more poisoned.
The adder poisons you!
Really quaff the potion of lignification?
You turn into a tree.
Your +0 cloak melds into your body.
Your +1 hat of see invisible melds into your body.
Your +1 robe melds into your body.
Your roots penetrate the ground.
* * * LOW HITPOINT WARNING * * *
You feel very sick. The adder bites you but does no damage.
The orc hits you but does no damage.
You are more poisoned.
It was a potion of haste.
You feel yourself speed up.
You die...

#...#.......##..#.....#.# #
###..#...†......###.#...÷# ##
#............######.#.#.######.
#..#.##.....>.#.............##..
.. #. #.#######.........#.#....#
#. #.# #.........#.##.<## .. #.#
#...........###.# .# #..
#.........####..# .. ##.
#♣..............## #. .
#oS........#####...
............# ####
....#.........#
......#.#######.. .........
..... ### #####


You could see an adder and an orc.

Vanquished Creatures
  Sigmund (D:4)
  Eustachio (D:4)
  Edmund (D:4)
  2 ogres
  A hound (D:4)
  2 orc priests
  Crazy Yiuf (D:3)
  Natasha (D:3)
  4 gnolls (D:2)
  4 adders
  3 worms
  2 dart slugs
  4 orcs
  5 ball pythons
  2 bats
  6 endoplasms
  3 giant cockroaches
  A goblin (D:2)
  3 hobgoblins
  4 jackals (D:3)
  A quokka (D:4)
  2 frilled lizards
  5 kobolds
  4 rats
63 creatures vanquished.

Vanquished Creatures (others)
  4 demonic plants (D:3)
  4 fungi (D:3)
  4 plants (D:3)
  2 withered plants (D:3)
14 creatures vanquished.

Grand Total: 77 creatures vanquished

Notes
Turn   | Place    | Note
-------+----------+-------------------------------------------
     0 | D:1      | inmateoo the Troll Monk began the quest for the Orb.
     0 | D:1      | Reached XP level 1. HP: 22/22 MP: 0/0
   728 | D:1      | Reached XP level 2. HP: 29/29 MP: 1/1
   916 | D:2      | Reached XP level 3. HP: 36/36 MP: 2/2
   919 | D:2      | Found a basalt altar of Yredelemnul.
  1110 | D:2      | Noticed an ogre
  1225 | D:2      | Killed an ogre
  1226 | D:2      | Reached skill level 4 in Unarmed Combat
  1226 | D:2      | Reached XP level 4. HP: 24/45 MP: 3/3
  1560 | D:2      | Reached XP level 5. HP: 25/53 MP: 4/4
  1818 | D:3      | Found a burning altar of Makhleb.
  1823 | D:3      | Found a faded altar of an unknown god.
  1851 | D:3      | Found a transporter.
  1856 | D:3      | Noticed p0werm0de's ghost (amateur MiFi)
  1877 | D:3      | Found a transporter.
  1922 | D:3      | Noticed Natasha
  1928 | D:3      | Killed Natasha
  1968 | D:3      | Found Plog's Weapon Emporium.
  1994 | D:3      | Found a runed translucent door.
  1995 | D:3      | Noticed Crazy Yiuf
  2136 | D:3      | Noticed an ogre
  2141 | D:3      | Killed an ogre
  2142 | D:3      | Reached XP level 6. HP: 62/62 MP: 5/5
  2759 | D:3      | Killed Crazy Yiuf
  2840 | D:4      | Noticed Sigmund
  2855 | D:4      | Killed Sigmund
  2856 | D:4      | Reached skill level 5 in Unarmed Combat
  2856 | D:4      | Reached XP level 7. HP: 61/71 MP: 6/6
  3022 | D:4      | Found Jeehene's Armour Boutique.
  3022 | D:4      | Noticed Edmund
  3023 | D:4      | Found Xyelini's Antique Weapon Emporium.
  3057 | D:4      | Killed Edmund
  3064 | D:4      | Bought a +1 hat of see invisible for 208 gold pieces
  3064 | D:4      | Bought a +0 kite shield for 58 gold pieces
  3157 | D:4      | Noticed Eustachio
  3168 | D:4      | Killed Eustachio
  3169 | D:4      | Reached skill level 5 in Fighting
  3169 | D:4      | Reached skill level 6 in Unarmed Combat
  3173 | D:4      | Reached skill level 1 in Shields
  3177 | D:4      | HP: 5/108 [poisoned by an adder]
  3178 | D:4      | Succumbed to an orc's poison

Illustrated notes

Levels and vault maps discovered:
D:1:      saegor_arrival_fortress, layout_basic
D:2:      layout_basic, basic_altar
D:3:      layout_loops_corners, bloody_makhleb, serial_shops,
          nicolae_shop_statue_plus, shapermc_ecumenical_altar_gd,
          gammafunk_ghost_stat_death, kennysheep_orc_chapel,
          uniq_crazy_yiuf_cottage, uniq_natasha
D:4:      layout_rooms, nicolae_wooded_promenade, uniq_sigmund, uniq_edmund,
          uniq_eustachio

Skill      XL: |  1  2  3  4  5  6  7 |
---------------+----------------------+-----
Fighting       | 3 4 5 |  5.0
Dodging        | 3 4 |  4.2
Unarmed Combat | 4 5 6 |  6.1
Shields        | 1 |  1.0
Stealth        | |  1.0

Action                   |  1- 3 |  4- 6 |  7- 9 || total
-------------------------+-------+-------+-------++-------
Melee: Unarmed           |    63 |    75 |    44 ||   182
       Punch             |       |     1 |     2 ||     3
  Use: Scroll            |       |     5 |       ||     5
       Potion            |       |       |     2 ||     2
 Stab: Sleeping          |     2 |     3 |       ||     5
Armor: Robe              |    21 |    20 |    25 ||    66
       Skin              |       |       |     2 ||     2
Dodge: Dodged            |    28 |    32 |    20 ||    80
Block: Kite shield       |       |       |    11 ||    11
